 Dungeon Crawl Stone Soup version 0.21.1-1-g345015f (webtiles) character file.

905 inc the Skirmisher (level 7, -3/36 HPs)
             Began as a Felid Conjurer on Feb 19, 2018.
             Was a Follower of Sif Muna.
             Slain by a wyvern skeleton (13 damage)
             ... on level 7 of the Dungeon.
             The game lasted 00:29:19 (9434 turns).

inc the Skirmisher (Felid Conjurer)                 Turns: 9434, Time: 00:29:20

Health: -3/36      AC:  2    Str:  4    XL:     7   Next: 80%
Magic:  6/15       EV: 18    Int: 19    God:    Sif Muna [*.....]
Gold:   267        SH:  0    Dex: 16    Spells: 6/16 levels left
                                        Lives:  0   Deaths: 2

rFire    . . .     SeeInvis +   (weapon unavailable)
rCold    . . .     Gourm    .   (shield unavailable)
rNeg     . . .     Faith    .   (armour unavailable)
rPois    .         Spirit   .   (helmet unavailable)
rElec    .         Reflect  .   (cloak unavailable)
rCorr    .         Harm     .   (gloves unavailable)
MR       +....                  (boots unavailable)
Stlth    +++.......             (no amulet)
HPRegen  0.12/turn              (no ring)
MPRegen  0.14/turn              (no ring)

@: lethally poisoned (-3 -> -9), quick
A: very small, no armour, no weapons or thrown items, stealth, claws 1, fangs 3,
see invisible, carnivore, speed 1, shaggy fur 2, slow metabolism 1, sharp paws
a: Divine Energy, Renounce Religion


You were on level 7 of the Dungeon.
You worshipped Sif Muna.
Sif Muna was aware of your devotion.
You were not hungry.

You visited 2 branches of the dungeon, and saw 9 of its levels.

You collected 267 gold pieces.

Inventory:

Jewellery
 r - a cursed ring of teleportation {unknown}
Scrolls
 d - a scroll of blinking
 f - 2 scrolls of teleportation
 h - a scroll of remove curse
 i - 7 scrolls of identify {unknown}
 l - 2 scrolls of immolation {unknown}
 n - a scroll of fear {unknown}
 o - a scroll of magic mapping {unknown}
Potions
 c - a potion of resistance {unknown}
 e - 2 potions of flight {unknown}
 g - a potion of brilliance {unknown}
 j - a potion of berserk rage {unknown}
 k - 4 potions of curing {unknown}
 m - a potion of haste {unknown}
 p - a potion of lignification {unknown}
 q - a potion of degeneration {unknown}
 s - a potion of might {unknown}
Books
 a - a book of Conjurations

   Spells                             Type                      Level
   a - Magic Dart                     Conjuration                  1
   b - Searing Ray                    Conjuration                  2
   c - Dazzling Spray                 Conjuration/Hexes            3
   d - Fulminant Prism                Conjuration/Hexes            4
   e - Force Lance                    Conjuration/Translocation    4
   f - Iskenderun's Mystic Blast      Conjuration                  4
Comestibles
 b - 11 rations


   Skills:
 + Level 7.3 Fighting
 - Level 3.0 Dodging
 - Level 3.0 Stealth
 - Level 0.1 Unarmed Combat
 - Level 5.2 Spellcasting
 - Level 6.1 Conjurations
 - Level 6.6 Hexes


You had 6 spell levels left.
You knew the following spells:

 Your Spells              Type           Power        Failure   Level  Hunger
a - Magic Dart            Conj           ####         1%          1    None
b - Searing Ray           Conj           ####..       1%          2    #......
c - Dazzling Spray        Conj/Hex       ####..       2%          3    ##.....
d - Fulminant Prism       Conj/Hex       ####......   9%          4    ####...


Dungeon Overview and Level Annotations

Branches:
Dungeon (8/15)             Temple (1/1) D:4
   Lair: D:8-11

Altars:
Cheibriados
Dithmenos
Elyvilon
Fedhas
Makhleb
Nemelex Xobeh
Okawaru
Qazlal
Ru
Sif Muna
Trog
Uskayaw
Vehumet
Yredelemnul
Zin
The Shining One

Annotations:
D:6 Dowan, Duvessa, Edmund


Innate Abilities, Weirdness & Mutations

You cannot wear armour.
You are incapable of wielding weapons or throwing items.
Your paws allow you to move quietly. (Stealth)
You have sharp claws.
You have razor-sharp teeth.
You have supernaturally acute eyesight. (SInv)
You are carnivorous and can eat meat at any time.
You cover ground quickly.
You are covered in thick fur. (AC +2)
You have a slow metabolism.
Your sharp claws are effective at attacking unaware monsters.


Message History

(Press . to maintain the ray.)
A kobold and a zombie come into view.
The kobold throws a stone.
The stone hits you.
The searing ray hits the quokka.
You kill the quokka!
Sif Muna accepts your kill.
The kobold throws a stone.
The stone misses you.
A howler monkey comes into view.
A wyvern skeleton comes into view.
A kobold comes into view.
The hornet stings you!
You are poisoned.
You feel yourself slow down. The hornet misses you.
You feel sick. The wyvern skeleton bites you. The hornet stings you.
You feel as though you will be slow longer.
The wyvern skeleton misses you.
You feel sick. The hornet completely misses you.
You feel yourself speed up.
You feel sick. The wyvern skeleton bites you!
You die...

.. #........
...... .#...
..#...... .....
..... ..........
...##.... .#
.......
#......##...
#......
#...........
......
##..........<
.....
#...Z#.J##...
....
#.†.y@...#...
#...
####..###.#.....
#.#.
#.K....#........
#.#.
#.####.#........
.... ..
#..(.........
..#. ##
#.#.#........
...
#K.#Z#........ .
... #.#.#######
#### ....#


You could see a hornet, an ooze, a kobold and a wyvern skeleton.

Vanquished Creatures
  The ghost of jazmu the Skirmisher, a novice FoMo (D:5)
  A sky beast (D:6)
  2 centaurs
  The ghost of wotfoxis the Caller, an amateur DESu (D:3)
  2 bullfrogs
  4 wights
  4 howler monkeys
  2 crimson imps (D:5)
  A bullfrog zombie (D:5)
  6 orc priests
  A centaur skeleton (D:3)
  3 orc wizards
  3 iguanas
  7 worker ants
  7 adders
  4 gnolls (D:6)
  A howler monkey skeleton (D:4)
  2 oozes
  2 adder skeletons (D:4)
  5 worms
  4 dart slugs
  2 leopard geckos
  33 orcs
  3 giant cockroaches (D:3)
  2 goblins
  8 hobgoblins
  6 jackals
  2 quokkas (D:7)
  6 bats
  6 frilled lizards
  A jackal skeleton (D:4)
  4 kobolds
  A leopard gecko skeleton (D:5)
  A leopard gecko zombie (D:6)
  2 quokka zombies (D:5)
  2 rats (D:3)
142 creatures vanquished.

Vanquished Creatures (others)
  2 fulminant prisms (D:7)
2 creatures vanquished.

Grand Total: 144 creatures vanquished

Notes
Turn   | Place    | Note
-------+----------+-------------------------------------------
     0 | D:1      | inc the Felid Conjurer began the quest for the Orb.
     0 | D:1      | Reached XP level 1. HP: 7/7 MP: 4/4
   716 | D:1      | Reached XP level 2. HP: 2/11 MP: 1/6
  1276 | D:1      | Learned a level 2 spell: Searing Ray
  1572 | D:3      | Reached XP level 3. HP: 14/14 MP: 4/7
  1800 | D:3      | Reached XP level 4. HP: 15/18 MP: 0/8
  2384 | D:2      | Learned a level 3 spell: Dazzling Spray
  2658 | D:2      | Reached skill level 5 in Conjurations
  2686 | D:2      | Found a faded altar of an unknown god.
  2733 | D:3      | Noticed wotfoxis's ghost (amateur DESu)
  2848 | D:3      | Reached XP level 5. HP: 21/21 MP: 1/10
  2889 | D:3      | Reached skill level 1 in Hexes
  3427 | D:3      | Killed wotfoxis's ghost
  3784 | D:4      | Gained mutation: You are covered in thick fur. (AC +2) [Felid growth]
  3784 | D:4      | Reached XP level 6. HP: 24/24 MP: 5/11
  3920 | D:4      | Found a staircase to the Ecumenical Temple.
  4216 | D:5      | Entered Level 5 of the Dungeon
  4320 | D:5      | Noticed jazmu's ghost (novice FoMo)
  4778 | D:4      | Reached skill level 5 in Hexes
  4842 | D:4      | Reached XP level 7. HP: 19/27 MP: 5/14
  5352 | D:6      | Killed from afar by an orc priest
  5353 | D:6      | Reached XP level 6. HP: -11/24 MP: 8/13
  5546 | Temple   | Entered the Ecumenical Temple
  5575 | Temple   | Became a worshipper of Sif Muna the Loreminder
  5837 | D:6      | Noticed Dowan
  6193 | D:6      | Reached XP level 7. HP: 27/27 MP: 6/15
  6266 | D:6      | Noticed Edmund
  6282 | D:6      | Reached skill level 5 in Spellcasting
  6897 | D:5      | Reached skill level 1 in Fighting
  6990 | D:5      | Reached skill level 2 in Fighting
  7588 | D:5      | Killed jazmu's ghost
  7588 | D:5      | Reached skill level 4 in Fighting
  7588 | D:5      | Reached XP level 8. HP: 8/36 MP: 2/16
  7944 | D:5      | Reached skill level 5 in Fighting
  8396 | D:6      | Reached skill level 6 in Fighting
  8412 | D:6      | Noticed Duvessa
  8971 | D:6      | Reached * piety under Sif Muna
  9267 | D:7      | Learned a level 4 spell: Fulminant Prism
  9283 | D:7      | Reached skill level 7 in Fighting
  9403 | D:7      | Noticed a hornet
  9411 | D:7      | Paralysed by a hornet for 3 turns
  9412 | D:7      | Slain by a hornet
  9413 | D:7      | Reached XP level 7. HP: -2/36 MP: 12/15
  9434 | D:7      | Slain by a wyvern skeleton

Skill      XL: |  1  2  3  4  5  6  7  8 |
---------------+-------------------------+-----
Dodging        | 3 |  3.0
Stealth        | 3 |  3.0
Conjurations   | 4 5 6 |  6.1
Hexes          | 3 6 |  6.6
Spellcasting   | 3 4 5 |  5.2
Fighting       | 4 7 |  7.3
Unarmed Combat | |  0.1

Action                   |  1- 3 |  4- 6 |  7- 9 || total
-------------------------+-------+-------+-------++-------
Melee: Unarmed           |     3 |    32 |     1 ||    36
       Bite              |       |     3 |       ||     3
 Cast: Magic Dart        |    52 |    68 |    41 ||   161
       Searing Ray       |     5 |    38 |    41 ||    84
       Dazzling Spray    |       |     5 |    10 ||    15
       Fulminant Prism   |       |       |     2 ||     2
  Use: Scroll            |       |       |     3 ||     3
 Stab: Sleeping          |     3 |     3 |       ||     6
  Eat: Chunk             |     3 |    19 |     5 ||    27
Armor: Skin              |       |     8 |     2 ||    10
Dodge: Dodged            |    24 |    79 |    63 ||   166
